Map: Data-C

Players

PandaBearMe - Winner!

  • Race: Zerg Zerg
  • Spawn Location: 3:00

JonSnow

  • Race: Zerg Zerg
  • Spawn Location: 9:00

Event: DreamHack SC2 Masters 2022 Atlanta (Offline)

VOD

Have the link to the VOD?

Description

Time

  • Played on: Nov. 18, 2022, 1:28 p.m.
  • Length: 7:08

All games in this series

Show
View Real Time Build Order
Export as new Build Order

PandaBearMe Zerg - Winner!

Build Orders: Pool First 

Get SALT Encoding   

  12  0:18  Spawning Pool  
  11  0:22  Drone  
  11  0:26  Drone  
  13  0:31  Drone  
  14  0:41  Overlord  
  14  1:07  Zergling x6  
  14  1:08  Queen  
  19  1:18  Zergling x2  
  20  1:29  Zergling x2  
  21  1:40  Zergling x2  
  21  1:46  Hatchery  
  21  1:49  Spine Crawler  
  21  1:50  Zergling x2  
  22  1:59  Hatchery  
  21  2:16  Zergling x2  
  21  2:17  Overlord  
  21  2:21  Extractor  
  21  2:33  Drone  
  21  2:35  Queen  
  21  2:36  Drone  
  24  2:49  Drone x2  
  24  2:50  Drone  
  24  2:51  Drone  
  22  3:02  Drone x2  
  24  3:16  Drone x3  
  27  3:26  Drone x2  
  28  3:27  Drone  
  28  3:32  Metabolic Boost  
  29  3:36  Drone  
  29  3:39  Drone  
  31  3:44  Drone  
  31  3:46  Drone  
  33  3:52  Overlord  
  33  3:56  Baneling Nest  
  33  3:59  Zergling x2  
  33  4:00  Drone  
  34  4:03  Drone x2  
  36  4:21  Zergling x4  
  36  4:23  Zergling x2  
  39  4:25  Zergling x2  
  40  4:32  Hatchery  
  40  4:34  Zergling x8  
  40  4:36  Zergling x2  
  44  4:46  Baneling x2  
  44  4:48  Baneling x2  
  44  4:50  Overlord  
  44  5:00  Baneling x2  
  44  5:02  Overlord x2  
  44  5:06  Overlord  
  44  5:09  Zergling x4  
  44  5:13  Zergling x2  
  44  5:14  Zergling x2  
  42  5:22  Zergling x4  
  42  5:23  Zergling x6  
  45  5:30  Zergling x8  
  48  5:40  Roach Warren  
  48  5:41  Zergling x2  
  48  5:42  Zergling x2  
  49  5:43  Zergling x4  
  49  5:45  Queen  
  49  5:46  Drone x2  
  55  5:51  Baneling x4  
  55  5:55  Zergling x4  
  55  5:56  Zergling x2  
  58  6:01  Zergling x4  
  58  6:02  Zergling x2  
  59  6:13  Zergling x2  
  59  6:14  Zergling x10  
  59  6:21  Zergling x4  
  59  6:26  Zergling x4  
  59  6:28  Baneling x2  
  58  6:33  Baneling x2  
  58  6:35  Roach x2  
  58  6:39  Roach  
  63  6:41  Zergling x2  
Show
View Real Time Build Order
Export as new Build Order

JonSnow Zerg 

Build Orders: Hatch First 

Get SALT Encoding   

  12  0:04  Drone  
  13  0:13  Overlord  
  13  0:17  Drone  
  14  0:31  Drone  
  14  0:32  Drone  
  16  0:49  Hatchery  
  15  0:54  Drone  
  15  0:56  Drone  
  17  0:59  Drone  
  18  1:12  Extractor  
  18  1:14  Spawning Pool  
  16  1:20  Drone x2  
  18  1:30  Drone  
  19  1:41  Drone  
  20  1:54  Overlord  
  21  2:01  Zergling x2  
  21  2:03  Queen  
  21  2:04  Zergling x2  
  24  2:14  Zergling x4  
  25  2:27  Zergling x4  
  24  2:35  Zergling x4  
  25  2:44  Zergling x2  
  25  2:51  Zergling x2  
  24  2:58  Queen, Drone  
  21  3:02  Drone  
  22  3:06  Drone  
  22  3:11  Zergling x2  
  23  3:20  Drone  
  23  3:25  Metabolic Boost  
  23  3:29  Drone  
  24  3:44  Drone x4  
  28  3:49  Drone  
  28  3:54  Overlord  
  29  3:58  Drone  
  29  4:01  Drone  
  31  4:09  Overlord  
  31  4:11  Zergling x4  
  31  4:13  Zergling x2  
  34  4:17  Zergling x4  
  34  4:20  Zergling x4  
  38  4:32  Zergling x4  
  40  4:39  Zergling x8  
  44  4:49  Hatchery  
  43  4:53  Drone x2  
  43  4:58  Drone  
  46  5:05  Baneling Nest  
  34  5:30  Overlord  
  34  5:34  Drone x3  
  35  5:39  Overlord  
  35  5:42  Zergling x8  
  39  5:48  Extractor  
  38  5:55  Baneling  
  38  5:56  Baneling  
  37  5:57  Zergling x8  
  36  6:12  Zergling x2  
  36  6:13  Zergling x10, Baneling  
  36  6:15  Zergling x2  
  39  6:19  Zergling x2  
  39  6:24  Zergling x2  
  38  6:28  Queen  
  38  6:30  Zergling x4  
  38  6:32  Baneling x3  
  41  6:36  Zergling x4  
  38  6:44  Zergling x4  
Tags
 
Add a new tag
Caveats
  • Supply blocks, unpowered buildings, or Contaminate may cause inaccurate times.
  • Supply counts are checked every 10 seconds.